Map: Automaton LE

Players

Harstem

  • Race: Protoss Protoss
  • League: Grandmaster
  • Spawn Location: 9:00

Lambo - Winner!

  • Race: Zerg Zerg
  • League: Grandmaster
  • Spawn Location: 3:00

VOD

Have the link to the VOD?

Description

Time

  • Played on: Dec. 5, 2018, 8:30 a.m.
  • Length: 11:33
Show
View Real Time Build Order
Export as new Build Order

Harstem Protoss 

Build Orders: 1 Gate Expand, Oracle Opening, Phoenix Opening, Chargelot Immortal, Mass Phoenix 

Get SALT Encoding   

  12  0:00  Probe  
  13  0:13  Probe  
  14  0:22  Pylon  
  14  0:25  Probe  
  15  0:36  Probe  
  15  0:41  Gateway  
  16  0:44  Probe  
  16  0:49  Assimilator  
  17  0:54  Probe  
  18  1:06  Probe  
  19  1:18  Probe  
  20  1:27  Nexus  
  20  1:38  Cybernetics Core  
  20  1:40  Probe  
  21  1:50  Assimilator  
  21  1:52  Probe  
  22  1:56  Pylon  
  22  2:04  Probe  
  22  2:06  Adept  
  25  2:16  Probe  
  25  2:20  Stargate  
  26  2:25  Adept  
  26  2:28  Probe  
  27  2:30  Warp Gate  
  27  2:36  Probe  
  29  2:40  Probe  
  31  2:44  Probe  
  31  2:48  Assimilator  
  32  2:52  Probe  
  32  2:53  Probe  
  32  2:57  Assimilator  
  34  3:03  Oracle  
  34  3:05  Probe  
  37  3:08  Probe  
  36  3:17  Probe  
  40  3:20  Probe  
  40  3:21  Stalker  
  40  3:25  Pylon  
  43  3:29  Probe  
  44  3:35  Probe  
  44  3:41  Probe  
  45  3:47  Probe  
  41  3:50  Phoenix  
  41  3:53  Probe  
  41  3:55  Gateway  
  44  4:02  Pylon  
  45  4:05  Probe  
  45  4:07  Stargate  
  47  4:10  Adept  
  47  4:16  Probe  
  48  4:17  Probe  
  49  4:27  Gateway  
  49  4:28  Probe  
  49  4:29  Probe  
  51  4:33  Phoenix  
  51  4:34  Pylon  
  53  4:40  Probe  
  53  4:41  Probe  
  53  4:42  Phoenix  
  55  4:52  Probe  
  58  4:53  Probe, Phoenix  
  58  4:54  Pylon  
  61  5:05  Pylon  
  61  5:06  Phoenix  
  61  5:12  Zealot  
  65  5:18  Phoenix  
  67  5:24  Phoenix  
  65  5:31  Nexus  
  67  5:42  Probe  
  68  5:43  Probe, Phoenix  
  68  5:44  Pylon  
  71  5:52  Zealot  
  71  5:54  Probe  
  71  5:55  Probe  
  75  5:57  Zealot x2  
  79  6:06  Probe  
  79  6:08  Probe  
  79  6:14  Pylon, Phoenix  
  75  6:18  Probe  
  75  6:20  Probe  
  75  6:21  Zealot x3  
  83  6:27  Phoenix  
  83  6:31  Probe  
  83  6:32  Shield Battery  
  86  6:37  Probe  
  86  6:43  Probe, Robotics Facility  
  86  6:45  Probe  
  86  6:46  Robotics Facility  
  88  6:49  Probe  
  88  6:51  Sentry  
  88  6:52  Sentry  
  93  6:55  Probe  
  93  6:57  Probe  
  95  7:02  Zealot  
  93  7:08  Probe  
  93  7:11  Probe  
  93  7:13  Probe  
  95  7:16  Probe  
  95  7:20  Forge  
  95  7:22  Assimilator, Twilight Council, Sentry  
  99  7:23  Pylon x2  
  99  7:24  Immortal, Probe x2  
  99  7:27  Gateway  
  99  7:28  Observer  
  99  7:29  Assimilator  
  106  7:42  Probe  
  105  7:44  Gateway  
  105  7:46  Gateway  
  105  7:47  Protoss Ground Weapons Level 1  
  106  7:51  Probe x2  
  106  7:53  Pylon  
  106  7:58  Charge, Pylon  
  107  8:02  Templar Archives  
  107  8:07  Immortal  
  107  8:08  Immortal  
  115  8:17  Photon Cannon  
  115  8:20  Gateway, Probe  
  115  8:22  Gateway  
  116  8:27  Psionic Storm  
  116  8:38  Immortal, High Templar  
  116  8:39  High Templar x2  
  116  8:40  Immortal, Zealot  
  124  8:41  Zealot  
  134  8:53  Shield Battery  
  134  8:55  Shield Battery  
  134  9:07  High Templar x2  
  138  9:12  Photon Cannon  
  138  9:15  Photon Cannon  
  142  9:17  Immortal  
  142  9:18  Photon Cannon  
  142  9:20  Pylon, Shield Battery  
  142  9:22  Photon Cannon  
  142  9:25  High Templar  
  142  9:26  Shield Battery  
  142  9:29  Zealot x3  
  148  9:39  Pylon  
  148  9:41  Pylon  
  145  9:50  High Templar x2, Zealot x2  
  145  9:51  Zealot  
  151  9:56  Archon  
  151  10:00  Zealot x3  
  137  10:13  Archon  
  123  10:15  Zealot x3  
  113  10:22  Immortal  
  113  10:26  High Templar x3  
  113  10:27  Zealot x2  
  119  10:29  Immortal  
  119  10:37  High Templar  
  119  10:40  Zealot x2  
  125  10:45  Probe  
  126  10:50  Probe  
  126  10:51  Nexus  
  126  10:53  Pylon  
  126  10:54  Zealot, Sentry  
  133  11:09  Nexus, High Templar x2  
  133  11:11  Zealot  
  139  11:12  Probe  
  139  11:13  Probe  
  139  11:14  Photon Cannon  
  139  11:15  Shield Battery  
  139  11:16  Archon, Shield Battery  
  141  11:18  Shield Battery  
  141  11:21  Pylon  
  131  11:28  Zealot x5  
Show
View Real Time Build Order
Export as new Build Order

Lambo Zerg - Winner!

Build Orders: Hatch First, Roach Hydra 

Get SALT Encoding   

  12  0:01  Drone  
  13  0:12  Overlord  
  13  0:18  Drone  
  14  0:31  Drone x2  
  16  0:49  Hatchery  
  15  0:52  Drone  
  15  0:56  Drone  
  17  1:00  Drone  
  18  1:11  Extractor  
  17  1:15  Spawning Pool  
  17  1:18  Drone  
  17  1:21  Drone  
  18  1:28  Drone  
  19  1:39  Drone  
  20  1:53  Overlord  
  20  2:02  Queen x2  
  20  2:03  Zergling x4  
  26  2:12  Drone x2  
  26  2:14  Metabolic Boost  
  28  2:22  Drone  
  29  2:24  Drone  
  30  2:38  Hatchery  
  30  2:41  Drone  
  30  2:46  Zergling x4  
  30  2:50  Overlord  
  32  2:57  Zergling x2  
  33  2:59  Zergling x2  
  34  3:06  Queen  
  34  3:11  Drone x2  
  38  3:15  Drone x3  
  38  3:17  Spore Crawler  
  41  3:20  Drone  
  41  3:23  Drone  
  42  3:30  Drone  
  43  3:34  Drone  
  43  3:37  Overlord  
  42  3:42  Drone x2  
  43  3:51  Drone x2  
  43  3:53  Drone  
  43  3:54  Drone  
  46  3:59  Drone x3  
  46  4:02  Drone x2  
  51  4:05  Drone  
  51  4:08  Spore Crawler  
  51  4:12  Overlord, Queen  
  51  4:14  Drone  
  51  4:15  Drone  
  51  4:16  Drone  
  56  4:18  Drone  
  57  4:27  Drone  
  57  4:33  Drone  
  57  4:34  Drone  
  57  4:36  Spore Crawler, Overlord  
  58  4:39  Roach Warren  
  58  4:41  Lair, Drone x4  
  61  4:46  Drone x2  
  61  4:49  Drone x2  
  61  4:51  Overlord  
  65  4:53  Extractor  
  65  4:54  Drone x2, Extractor  
  65  4:59  Drone x2  
  67  5:03  Overlord  
  67  5:05  Overlord  
  67  5:08  Evolution Chamber  
  67  5:09  Extractor  
  67  5:10  Overlord  
  67  5:13  Drone  
  67  5:14  Drone  
  67  5:18  Drone x2  
  69  5:25  Zergling x22  
  78  5:30  Overlord  
  78  5:32  Queen  
  80  5:36  Zerg Missile Weapons Level 1  
  80  5:37  Queen  
  80  5:42  Glial Reconstitution  
  82  5:45  Extractor  
  81  5:51  Overlord  
  81  5:53  Overlord  
  81  5:56  Roach x6  
  93  6:01  Roach x2  
  97  6:06  Roach x2  
  97  6:09  Drone x4  
  99  6:15  Drone x3  
  99  6:18  Drone  
  96  6:23  Hydralisk Den  
  96  6:24  Drone x3  
  96  6:25  Drone x2  
  96  6:30  Spore Crawler  
  93  6:35  Drone x4  
  93  6:36  Drone x2  
  96  6:40  Extractor  
  96  6:43  Queen  
  93  6:47  Overlord  
  93  6:56  Grooved Spines  
  93  6:57  Hydralisk x6  
  103  7:06  Hydralisk x3  
  107  7:14  Hydralisk x4  
  105  7:17  Spore Crawler  
  105  7:21  Baneling Nest, Hydralisk x3  
  109  7:24  Hydralisk  
  109  7:28  Hydralisk  
  113  7:31  Hatchery  
  110  7:40  Drone x2  
  110  7:41  Drone  
  113  7:45  Zerg Missile Weapons Level 2  
  113  7:46  Hydralisk x3  
  113  7:49  Drone x2  
  113  7:50  Drone  
  122  7:58  Overlord x4  
  122  8:02  Overlord  
  122  8:04  Overlord  
  122  8:07  Muscular Augments, Overlord  
  122  8:12  Overlord  
  121  8:24  Hydralisk x3  
  121  8:25  Zergling x12  
  133  8:33  Hydralisk x5  
  143  8:40  Hydralisk x2  
  147  8:45  Queen  
  147  8:46  Spore Crawler, Hydralisk x2  
  147  8:47  Hydralisk x2  
  156  8:49  Hydralisk  
  158  8:56  Hydralisk x4  
  166  9:07  Zergling x14  
  173  9:14  Centrifical Hooks  
  173  9:16  Zergling x8  
  177  9:19  Zergling x2  
  177  9:20  Zergling x6  
  177  9:21  Hatchery  
  180  9:24  Hydralisk x2  
  180  9:27  Baneling x8  
  180  9:30  Overlord  
  183  9:37  Overlord  
  183  9:41  Overlord  
  183  9:44  Overlord  
  183  9:51  Hydralisk x6  
  191  9:58  Hydralisk x5  
  192  10:06  Hydralisk x4  
  184  10:13  Hydralisk  
  184  10:14  Hydralisk x2  
  160  10:16  Hydralisk, Zergling x6  
  160  10:19  Zergling x6  
  152  10:23  Hydralisk x2  
  152  10:26  Hydralisk  
  152  10:27  Zergling x6  
  149  10:31  Hydralisk x2  
  149  10:32  Zergling x2  
  149  10:35  Hydralisk, Zergling x2  
  151  10:39  Hydralisk, Zergling x2  
  151  10:40  Zergling x2  
  151  10:42  Queen  
  158  10:45  Zergling x4  
  158  10:47  Zergling x2  
  158  10:49  Baneling x6  
  161  10:50  Overseer  
  161  10:52  Zergling x4  
  162  10:57  Zergling x14  
  169  11:05  Baneling x9, Zergling x8  
  169  11:06  Zergling x4  
  169  11:07  Baneling  
  173  11:13  Baneling x4, Zergling x4  
  173  11:14  Zergling x6  
  178  11:19  Baneling x3  
Tags
 
Add a new tag
Caveats
  • Supply blocks, unpowered buildings, or Contaminate may cause inaccurate times.
  • Supply counts are checked every 10 seconds.